 Dungeon Crawl Stone Soup version 0.22-a0-253-gf9d0ce5 (webtiles) character file.

165314 Amnesiac the Markscentaur (level 17, -15/150 HPs)
             Began as a Centaur Fighter on Mar 3, 2018.
             Was the Champion of Okawaru.
             Killed from afar by a hellion (20 damage)
             ... with damnation
             ... on level 2 of the Abyss.
             The game lasted 00:53:34 (27643 turns).

Amnesiac the Markscentaur (Centaur Fighter)        Turns: 27643, Time: 00:53:34

Health: -15/150    AC: 23    Str: 32    XL:     17   Next: 27%
Magic:  23/23      EV: 17    Int:  7    God:    Okawaru [******]
Gold:   2529       SH:  0    Dex: 11    Spells: 16/16 levels left

rFire    + . .     SeeInvis +   b - +7 demon trident of Severance {freeze, MR+}
rCold    + . .     Gourm    .   (no shield)
rNeg     . . .     Faith    .   W - +1 troll leather armour
rPois    .         Spirit   .   z - +1 helmet
rElec    .         Reflect  .   T - +2 cloak
rCorr    .         Harm     .   i - +2 pair of gloves
MR       ++...                  H - +0 centaur barding {rC+}
Stlth    ++........             S - amulet of magic regeneration
HPRegen  0.75/turn              p - ring of see invisible
MPRegen  0.43/turn              c - ring of Untruth {rF+ Str+6 Dex-3}

@: agile, about to teleport, very slightly contaminated, very quick
A: large, hooves 3, deformed body, speed 2, tough skin 3
a: Heroism, Finesse, Renounce Religion


You were on level 2 of the Abyss.
You worshipped Okawaru.
Okawaru was exalted by your worship.
You were not hungry.

You visited 4 branches of the dungeon, and saw 17 of its levels.
You visited the Abyss 2 times.
You also visited: Labyrinth, Ossuary and Bailey.

You collected 2529 gold pieces.

Inventory:

Hand Weapons
 a - the +7 longbow "Piercer" {penet, EV-2}
   (Okawaru gifted it to you on level 1 of the Elven Halls)

   Ammo fired by it will pass through the targets it hits, potentially hitting
   all targets in its path until it reaches maximum range.
   It affects your evasion (-2).
 b - the +7 demon trident of Severance (weapon) {freeze, MR+}
   (Okawaru gifted it to you in a bailey)

   It has been specially enchanted to freeze those struck by it, causing extra
   injury to most foes and up to half again as much damage against particularly
   susceptible opponents.
   It can also slow down cold-blooded creatures.
   It affects your resistance to hostile enchantments.
 U - a +0 quick blade of pain
Missiles
 g - 71 poisoned needles
 n - 6 needles of confusion
 C - 446 arrows
 Q - 3 throwing nets (quivered)
 Y - 8 curare-tipped needles
Armour
 i - a +2 pair of gloves (worn)
 z - a +1 helmet (worn)
 H - a +0 centaur barding of cold resistance (worn)
 T - a +2 cloak (worn)
 W - a +1 troll leather armour (worn)
 Z - a +0 centaur barding of flying
Jewellery
 c - the ring of Untruth (right hand) {rF+ Str+6 Dex-3}
   (You took it off an orc sorcerer on level 3 of the Elven Halls)

   [ring of protection from fire]

   It affects your strength (+6).
   It affects your dexterity (-3).
   It protects you from fire.
 p - a ring of see invisible (left hand)
 q - the ring "Foecum" {rC+ Int+4 Stlth-}
   (You found it in a labyrinth)

   [ring of loudness]

   It affects your intelligence (+4).
   It protects you from cold.
   It makes you less stealthy.
 L - a +2 amulet of reflection
 S - an amulet of magic regeneration (around neck)
Wands
 x - a wand of clouds (3)
 G - a wand of iceblast (16)
 V - a wand of paralysis (5)
Scrolls
 e - a scroll of brand weapon {!r, unknown}
 j - 8 scrolls of remove curse {!r}
 k - 3 scrolls of noise {!r}
 l - 3 scrolls of enchant armour {!r}
 m - 5 scrolls of teleportation {!r}
 s - 10 scrolls of identify {!r}
 y - 6 scrolls of fear {!r}
 E - 4 scrolls of enchant weapon {!r}
 J - 4 scrolls of amnesia {!r}
 K - 4 scrolls of summoning {!r}
 M - a scroll of magic mapping {!r}
 X - a scroll of fog {!r}
Potions
 d - 7 potions of might {!q}
 o - 2 potions of ambrosia {!q}
 u - a potion of haste {!q}
 v - 4 potions of curing {!q}
 w - a potion of berserk rage {!q}
 A - a potion of mutation {!q}
 B - 2 potions of lignification {!q}
 F - 3 potions of cancellation {!q}
 N - 2 potions of brilliance {!q}
 P - 3 potions of flight {!q}
 R - 2 potions of agility {!q}
Comestibles
 f - 16 rations
 h - 9 chunks of flesh


   Skills:
 + Level 13.6 Fighting
 - Level 6.0 Polearms
 - Level 20.0 Bows
 * Level 10.7 Armour
 * Level 10.7 Dodging
   Level 2.1 Shields
 - Level 8.5 Invocations


You had 16 spell levels left.
You didn't know any spells.

Dungeon Overview and Level Annotations

Branches:
Dungeon (11/15)            Temple (1/1) D:4            Lair (0/6) D:9
    Orc (2/2) D:11            Elf (3/3) Orc:2

Altars:
Ashenzari
Cheibriados
Dithmenos
Elyvilon
Fedhas
Gozag
Hepliaklqana
Kikubaaqudgha
Makhleb
Nemelex Xobeh
Okawaru
Qazlal
Ru
Sif Muna
Trog
Uskayaw
Vehumet
Xom
Yredelemnul
Zin
The Shining One

Shops:
D:4 (   Orc:2 ![[}

Annotations:
D:3 1 runed door


Innate Abilities, Weirdness & Mutations

You have hooves in place of feet.
Armour fits poorly on your strangely shaped body.
You cover ground very quickly.
You have extremely tough skin. (AC +3)


Message History

Found 16 stones.
Found a hunting sling.
A blizzard demon comes into view.
The blizzard demon shouts!
A black draconian monk comes into view.
The black draconian monk roars!
You hear a shout!
The blizzard demon gestures at you. The bolt of lightning hits you!
* * * LOW HITPOINT WARNING * * *
The bolt of lightning hits you!
* * * LOW HITPOINT WARNING * * *
Okay, then.
Really quaff
D - a potion of experience {!q}?
You feel more experienced!
You have reached level 17!
Really read
m - 6 scrolls of teleportation {!r}?
As you read the scroll of teleportation {!r}, it crumbles to dust.
You feel strangely unstable.
You feel the power of the Abyss delaying your translocation!
A hellion comes into view.
The hellion gives a hideous shriek!
The black draconian monk breathes lightning at you.
The bolt of lightning hits you!
* * * LOW HITPOINT WARNING * * *
The blizzard demon gestures at you.
The bolt of lightning hits the black draconian monk.
The black draconian monk completely resists.
The bolt of lightning hits you!
* * * LOW HITPOINT WARNING * * *
The vampire mage mumbles some strange words.
Really quaff
r - 2 potions of heal wounds {!q}?
You feel much better.
Okay, then.
Okay, then.
Really quaff
R - 3 potions of agility {!q}?
You feel agile all of a sudden.
The black draconian monk hits you but does no damage.
The black draconian monk kicks you.
* * * LOW HITPOINT WARNING * * *
The black draconian monk completely misses you.
A small abomination comes into view.
Unknown command.
The small abomination moves out of view.
Okay, then.
Really quaff
r - a potion of heal wounds {!q}?
You feel much better.
The black draconian monk breathes lightning at you.
The bolt of lightning hits you!
* * * LOW HITPOINT WARNING * * *
The bolt of lightning misses you.
The bolt of lightning hits the black draconian monk.
The black draconian monk completely resists.
The bolt of lightning hits the black draconian monk.
The black draconian monk completely resists.
The black draconian monk hits you!!
* * * LOW HITPOINT WARNING * * *
The black draconian monk kicks you but does no damage.
The black draconian monk misses you.
An orange demon comes into view.
The orange demon screeches!
The orange demon moves out of view.
The hellion gestures at you.
The sphere of damnation explodes!
The damnation engulfs you!
You die...

#......#......#
#.#.
#.#..2.......(
##... #
.....##......#...#
# #...W.)##.#.. #
. #.#
.##W#........ #..
###22§M.#VZ.##. .
...###.q##.#.#
.####..
#..#..X.#.#.#§.#..
# #@#########....#
# ### ## #.. .)# .
#.# ##.## ... #
#.. ##...#... #.
.X.# . ##.. # .# #
##.# #. ##..
....#.. . #..#.
##...#.# #.... # .


You could see a black draconian monk, a tentacled starspawn, a blizzard demon, a
freezing wraith and a hellion.

Vanquished Creatures
  2 deep elf blademasters (Elf:3)
  2 deep elf master archers (Elf:3)
  2 tentacled starspawn
  2 deep elf elementalists (Elf:3)
  4 deep elf sorcerers (Elf:3)
  An orc warlord (Orc:2)
  6 deep elf demonologists (Elf:3)
  8 deep elf annihilators
  A minotaur (Lab)
  13 deep elf death magi
  2 deep elf high priests (Elf:3)
  Erica (D:11)
  A two-headed ogre (D:11)
  27 dancing weapons
  5 orc high priests (Orc:2)
  12 deep elf knights
  A death drake (Abyss:2)
  An unseen horror (D:9)
  7 deep elf archers
  48 deep elf magi
  9 orc knights
  2 oklob plants (D:9)
  An orb spider (shapeshifter) (Abyss:2)
  The ghost of matakusis the Summoner, a novice DESu of Qazlal (D:9)
  A cyclops (Orc:2)
  2 orc sorcerers
  An apocalypse crab (Abyss:2)
  2 centaur skeletons (D:10)
  A tormentor (Abyss:3)
  2 hornets (shapeshifter) (Elf:2)
  A raiju (Abyss:2)
  2 hippogriffs
  2 vampires (D:9)
  3 wraiths
  16 yaks (D:10)
  An air elemental (Elf:3)
  A spriggan (D:8)
  2 large abominations (Abyss:2)
  2 water elementals (Elf:2)
  2 fire elementals
  Eustachio (D:4)
  A hungry ghost (D:11)
  Edmund (D:4)
  5 wargs
  A water moccasin (D:9)
  3 black bears
  38 orc warriors
  5 ogres
  3 centaurs
  A crocodile (D:10)
  2 elf zombies (D:4)
  6 bullfrogs
  11 big kobolds
  A gnoll sergeant (Orc:1)
  An elf skeleton (D:4)
  7 earth elementals
  3 scorpions
  9 killer bees
  22 wights
  5 howler monkeys
  2 crimson imps
  A quasit (D:7)
  6 hounds
  A centaur zombie (Ossuary)
  27 orc priests
  A jelly (D:9)
  20 orc wizards
  A human skeleton (D:4)
  2 bullfrog skeletons
  4 iguanas
  10 worker ants
  Ijyb (D:5)
  A hound skeleton (D:9)
  A worker ant zombie (D:8)
  A howler monkey skeleton (D:10)
  3 gnolls (D:8)
  12 adders
  3 oozes
  An adder zombie (Ossuary)
  2 worms
  6 leopard geckos
  96 orcs
  3 giant cockroaches
  6 goblins
  3 hobgoblins
  11 jackals
  6 quokkas
  2 ball pythons
  A ball python skeleton (D:5)
  4 bats
  4 frilled lizards
  A hobgoblin skeleton (Ossuary)
  4 hobgoblin zombies (Ossuary)
  16 kobolds
  A kobold zombie (Ossuary)
  2 orc skeletons (D:4)
  A quokka zombie (D:7)
  5 rats
  6 crawling corpses (Elf:3)
  A starspawn tentacle (Abyss:2)
605 creatures vanquished.

Vanquished Creatures (others)
  2 centaurs (D:6)
  A wight (D:11)
  3 orcs (D:11)
  7 starspawn tentacles
13 creatures vanquished.

Grand Total: 618 creatures vanquished

Notes
Turn   | Place    | Note
-------+----------+-------------------------------------------
     0 | D:1      | Amnesiac the Centaur Fighter began the quest for the Orb.
     0 | D:1      | Reached XP level 1. HP: 19/19 MP: 1/1
   136 | D:3      | Reached XP level 2. HP: 27/27 MP: 2/2
   191 | D:4      | Reached XP level 3. HP: 26/34 MP: 3/3
   285 | D:4      | Noticed Eustachio
   300 | D:4      | Killed Eustachio
   300 | D:4      | Reached XP level 4. HP: 14/44 MP: 4/4
   300 | D:4      | Reached XP level 5. HP: 16/50 MP: 5/5
   497 | D:4      | Reached XP level 6. HP: 37/58 MP: 6/6
   526 | D:4      | Found a sand-covered staircase.
   569 | Ossuary  | Entered an ossuary
   928 | Ossuary  | Reached XP level 7. HP: 59/67 MP: 7/7
   949 | Ossuary  | Noticed a wraith
   949 | Ossuary  | Noticed a flying skull
   956 | Ossuary  | Noticed a flying skull
   960 | Ossuary  | Noticed a flying skull
   985 | Ossuary  | Noticed a flying skull
   993 | Ossuary  | Noticed a wraith
   998 | Ossuary  | Killed a wraith
  1095 | Ossuary  | Noticed a flying skull
  1101 | Ossuary  | Noticed a wraith
  1109 | Ossuary  | Killed a wraith
  1346 | D:4      | Found Immuk's Antique Weapon Emporium.
  1432 | D:4      | Reached skill level 5 in Polearms
  1539 | D:4      | Found a staircase to the Ecumenical Temple.
  1559 | Temple   | Entered the Ecumenical Temple
  1717 | D:4      | Noticed Edmund
  1742 | D:4      | Killed Edmund
  1742 | D:4      | Reached XP level 8. HP: 57/74 MP: 8/8
  1823 | D:5      | Entered Level 5 of the Dungeon
  1832 | D:5      | Noticed Ijyb
  1849 | D:5      | Killed Ijyb
  2462 | D:3      | Found a shattered altar of Ashenzari.
  2565 | D:3      | Found a runed door.
  4404 | D:6      | Found a bloodstained altar of Trog.
  4821 | D:6      | Reached skill level 10 in Fighting
  4987 | D:6      | Reached XP level 9. HP: 30/86 MP: 9/9
  5487 | D:6      | Reached skill level 1 in Bows
  5633 | D:6      | Reached skill level 2 in Bows
  5817 | D:7      | Reached skill level 3 in Bows
  5896 | D:7      | Reached skill level 4 in Bows
  6039 | D:7      | Reached skill level 5 in Bows
  6059 | D:7      | Reached skill level 6 in Bows
  6511 | D:7      | Reached skill level 7 in Bows
  6891 | D:8      | Found a radiant altar of Vehumet.
  6894 | D:8      | Found a basalt altar of Yredelemnul.
  6895 | D:8      | Found an iron altar of Okawaru.
  6906 | D:8      | Became a worshipper of Warmaster Okawaru
  6908 | D:8      | Reached skill level 8 in Bows
  7688 | D:8      | Reached skill level 9 in Bows
  7909 | D:8      | Reached skill level 10 in Bows
  8628 | D:9      | Reached XP level 10. HP: 82/94 MP: 10/10
  8695 | D:9      | Reached * piety under Okawaru
  8789 | D:9      | Reached skill level 11 in Bows
  9319 | D:9      | Noticed matakusis's ghost (novice DESu)
  9340 | D:9      | Found a staircase to the Lair.
  9389 | D:9      | Reached skill level 12 in Bows
  9421 | D:9      | Killed matakusis's ghost
  9503 | D:9      | Noticed an oklob plant
  9503 | D:9      | Noticed an oklob plant
  9530 | D:9      | Reached ** piety under Okawaru
  9791 | D:9      | Reached skill level 13 in Bows
 10271 | D:9      | Noticed an unseen horror
 10278 | D:9      | Killed an unseen horror
 10607 | D:9      | Killed an oklob plant
 10607 | D:9      | Reached *** piety under Okawaru
 10607 | D:9      | Reached skill level 14 in Bows
 11600 | D:9      | Killed an oklob plant
 11642 | D:10     | Entered Level 10 of the Dungeon
 11716 | D:10     | Reached skill level 15 in Bows
 11716 | D:10     | Reached XP level 11. HP: 77/101 MP: 11/11
 11721 | D:10     | Reached **** piety under Okawaru
 11891 | D:10     | Received a gift from Okawaru
 11953 | D:10     | Reached skill level 16 in Bows
 11962 | D:10     | Received a gift from Okawaru
 12354 | D:10     | Reached ***** piety under Okawaru
 12736 | D:11     | Received a gift from Okawaru
 12816 | D:11     | Noticed Erica
 12837 | D:11     | Found a basalt altar of Yredelemnul.
 12911 | D:11     | Found a labyrinth entrance.
 12974 | D:10     | Reached skill level 17 in Bows
 13199 | Lab      | Entered a labyrinth
 13579 | Lab      | Noticed a minotaur
 13610 | Lab      | Killed a minotaur
 13610 | Lab      | Received a gift from Okawaru
 13623 | Lab      | Got a pitted bone ring
 13630 | Lab      | Got a coiled bronze ring
 13634 | Lab      | Identified the ring "Hatihooh" {*Tele rF+ MR- Int+7} (You took it off a minotaur in a labyrinth)
 13639 | Lab      | Identified the ring "Foecum" {rC+ Int+4 Stlth-} (You found it in a labyrinth)
 13883 | D:11     | Noticed a two-headed ogre
 13937 | D:11     | Killed a two-headed ogre
 13937 | D:11     | Received a gift from Okawaru
 13992 | D:11     | Reached skill level 5 in Invocations
 14232 | D:11     | Killed Erica
 14280 | D:11     | Found a staircase to the Orcish Mines.
 14570 | Orc:1    | Entered Level 1 of the Orcish Mines
 14638 | Orc:1    | Noticed an orc knight
 14670 | Orc:1    | Noticed an orc sorcerer
 14879 | Orc:1    | Paralysed by an orc sorcerer for 5 turns
 14889 | Orc:1    | Found a flagged portal.
 14904 | Bailey   | Entered a bailey
 15408 | Bailey   | Noticed an orc knight
 15481 | Bailey   | Noticed an orc knight
 15515 | Bailey   | Killed an orc knight
 15515 | Bailey   | Received a gift from Okawaru
 15515 | Bailey   | Reached XP level 12. HP: 79/107 MP: 17/17
 15516 | Bailey   | Got a fine demon trident {god gift}
 15526 | Bailey   | Identified the +7 demon trident of Severance {freeze, MR+} (Okawaru gifted it to you in a bailey)
 15637 | Bailey   | Reached skill level 1 in Dodging
 16303 | Orc:2    | Entered Level 2 of the Orcish Mines
 16686 | Orc:2    | Noticed an orc warlord
 17005 | Orc:2    | Killed an orc warlord
 17373 | Orc:1    | Paralysed by an orc sorcerer for 3 turns
 18371 | Orc:2    | Noticed an orc high priest
 18377 | Orc:2    | Killed an orc high priest
 18377 | Orc:2    | Received a gift from Okawaru
 18548 | Orc:2    | Found a staircase to the Elven Halls.
 18716 | Orc:2    | Noticed an orc high priest
 19262 | Orc:2    | Killed an orc high priest
 19329 | Orc:2    | Received a gift from Okawaru
 19944 | Orc:2    | Noticed an orc high priest
 19959 | Orc:2    | Killed an orc high priest
 19959 | Orc:2    | Reached skill level 5 in Armour
 19959 | Orc:2    | Reached skill level 5 in Dodging
 19982 | Orc:2    | Noticed an orc high priest
 19997 | Orc:2    | Killed an orc high priest
 19997 | Orc:2    | Reached XP level 13. HP: 94/116 MP: 19/19
 20130 | Orc:2    | Found Numityf's Gadget Shop.
 20133 | Orc:2    | Found Xexkev's Armour Boutique.
 20134 | Orc:2    | Found Zepad's Distillery.
 20135 | Orc:2    | Found Uvvass's Antique Armour Shop.
 20416 | Elf:1    | Entered Level 1 of the Elven Halls
 21185 | Elf:1    | Reached ****** piety under Okawaru
 21928 | Elf:1    | Received a gift from Okawaru
 21994 | Elf:1    | Received a gift from Okawaru
 22099 | Elf:1    | Reached skill level 18 in Bows
 22100 | Elf:1    | Received a gift from Okawaru
 22199 | Elf:1    | Got a smoking scimitar
 22330 | Elf:1    | Noticed a deep elf death mage
 22343 | Elf:1    | Killed a deep elf death mage
 22353 | Elf:1    | Killed a ghostly deep elf death mage
 22412 | Elf:1    | Noticed a deep elf death mage
 22412 | Elf:1    | Noticed a deep elf death mage
 22454 | Elf:1    | Killed a deep elf death mage
 22457 | Elf:1    | Killed a deep elf death mage
 22457 | Elf:1    | Received a gift from Okawaru
 22458 | Elf:1    | Found the +7 longbow "Piercer" {penet, EV-2}
 22461 | Elf:1    | Reached skill level 19 in Bows
 22746 | Elf:1    | Identified the +3 scimitar of Psychosis {venom, +Blink Str-4 Int+2 SInv} (You found it on level 1 of the Elven Halls)
 23315 | Elf:1    | Reached XP level 14. HP: 124/124 MP: 20/20
 23895 | Elf:2    | Reached skill level 20 in Bows
 23966 | Elf:2    | Received a gift from Okawaru
 23969 | Elf:2    | Got a jewelled shield {god gift}
 23979 | Elf:2    | Identified the +4 shield of Insatiable Hunger {+Fly Int-5 Slay-4 Stlth+} (Okawaru gifted it to you on level 2 of the Elven Halls)
 24217 | Elf:2    | Found a runed gate.
 24217 | Elf:2    | Found a runed gate.
 24247 | Elf:2    | Found a runed gate.
 25095 | Elf:2    | Received a gift from Okawaru
 25558 | Elf:3    | Entered Level 3 of the Elven Halls
 25759 | Elf:3    | Noticed a deep elf blademaster
 25767 | Elf:3    | Killed a deep elf blademaster
 25848 | Elf:3    | Reached XP level 15. HP: 134/134 MP: 21/21
 25927 | Elf:3    | Noticed an Ice Fiend
 25930 | Elf:3    | Noticed a Brimstone Fiend
 25935 | Elf:3    | Noticed a deep elf sorcerer
 25937 | Elf:3    | Killed a deep elf sorcerer
 26043 | Elf:3    | Got a bound bronze ring
 26063 | Elf:3    | Noticed a deep elf sorcerer
 26077 | Elf:3    | Noticed a deep elf master archer
 26078 | Elf:3    | Killed a deep elf sorcerer
 26080 | Elf:3    | Killed a deep elf master archer
 26080 | Elf:3    | Received a gift from Okawaru
 26089 | Elf:3    | Noticed a Brimstone Fiend
 26100 | Elf:3    | Got a scorched war axe {venom}
 26139 | Elf:3    | Noticed a deep elf sorcerer
 26150 | Elf:3    | Cast into level 3 of the Abyss (a deep elf sorcerer)
 26196 | Abyss:3  | Found a corrupted altar of Lugonu.
 26204 | Abyss:3  | Received a gift from Okawaru
 26219 | Abyss:3  | Noticed a tentacled starspawn
 26225 | Abyss:3  | Killed a tentacled starspawn
 26238 | Elf:3    | Escaped the Abyss
 26244 | Elf:3    | Killed a deep elf sorcerer
 26247 | Elf:3    | Identified the ring of Untruth {rF+ Str+6 Dex-3} (You took it off an orc sorcerer on level 3 of the Elven Halls)
 26354 | Elf:3    | Noticed a deep elf master archer
 26388 | Elf:3    | Killed a deep elf master archer
 26513 | Elf:3    | Noticed a deep elf sorcerer
 26524 | Elf:3    | Killed a deep elf sorcerer
 26721 | Elf:3    | Noticed a Tzitzimitl
 26723 | Elf:3    | Noticed a Tzitzimitl
 26728 | Elf:3    | Received a gift from Okawaru
 26786 | Elf:3    | Identified the Tome of Aerial Aid
 26896 | Elf:3    | Received a gift from Okawaru
 26907 | Elf:3    | Reached XP level 16. HP: 114/144 MP: 22/22
 26909 | Elf:3    | Noticed a deep elf blademaster
 26985 | Elf:3    | Killed a deep elf blademaster
 26985 | Elf:3    | Received a gift from Okawaru
 26985 | Elf:3    | Reached skill level 10 in Armour
 26985 | Elf:3    | Reached skill level 10 in Dodging
 27432 | Elf:3    | Cast into level 2 of the Abyss (a deep elf demonologist)
 27481 | Abyss:2  | Noticed a tentacled starspawn
 27494 | Abyss:2  | Killed a tentacled starspawn
 27605 | Abyss:2  | Noticed a tentacled starspawn
 27627 | Abyss:2  | Noticed a black draconian monk
 27630 | Abyss:2  | Reached XP level 17. HP: 45/150 MP: 23/23
 27633 | Abyss:2  | HP: 6/150 [blizzard demon/bolt of lightning (25)]
 27642 | Abyss:2  | HP: 4/150 [black draconian monk (20)]
 27643 | Abyss:2  | Killed from afar by a hellion

Vault maps used:
D:1:      kennysheep_arrival_seaside, hangedman_decor_opposing
D:2:      kennysheep_generic_room_15
D:3:      lemuel_crystal_altar, minmay_misc_feat_four_crosses,
          uniq_crazy_yiuf_cottage
D:4:      minmay_temple_entry_butterflies, serial_shops,
          nicolae_shop_temple_entry_statues_fountains,
          nicolae_ossuary_entry_catacombs, uniq_edmund, uniq_eustachio
D:5:      first_ration, serial_bayou_pond_a, uniq_ijyb
D:6:      nicolae_whirlpool, trog_ov_bears_minmay
D:8:      grunt_temple_overflow_open, grunt_pizzeria, grunt_decor_one_mirror,
          minmay_misc_feat_ornament
D:9:      nicolae_overflow_hidden_temple, erik_lair_orcish_takeover,
          disabler_island
D:11:     erik_orc_4, basic_altar, lab_entry_generic, lemuel_old_faithful,
          uniq_erica
Temple:   compressed_dpeg_circular_temple
Orc:1:    enter_bailey_5, sword_in_stone
Orc:2:    st_orc_pillars
Elf:1:    eino_elf_arrival_customs, minmay_elf_crystal_heptagon, spider_trap
Elf:3:    grunt_elf_hall_diamonds, nicolae_elf_w_pinch,
          serial_sigils_hangedman_snap
Abyss:3:  due_exit_kobolds, nicolae_abyss_rune_star_stuff,
          hangedman_decor_lopped
Lab:      labyrinth_watery, nicolae_lab_lava, lab_block
Ossuary:  ossuary_due_cavern
Bailey:   bailey_polearm_5, bailey

Skill      XL: |  1  2  3  4  5  6  7  8  9 10 11 12 13 14 15 16 |
---------------+-------------------------------------------------+-----
Fighting       | 4 6 7 10 11 12 13 | 13.6
Polearms       | 2 5 6 |  6.0
Bows           | 10 15 17 19 20 | 20.0
Invocations    | 7 8 |  8.5
Dodging        | 5 6 7 9 10 | 10.7
Armour         | 5 6 8 9 10 | 10.7
Shields        | |  2.1

Action                   |  1- 3 |  4- 6 |  7- 9 | 10-12 | 13-15 | 16-18 || total
-------------------------+-------+-------+-------+-------+-------+-------++-------
Melee: Trident           |    15 |   101 |   410 |       |       |       ||   526
       Kick              |     4 |    28 |    81 |       |    16 |     1 ||   130
       Dagger            |    10 |     3 |       |       |       |       ||    13
       Shortbow          |       |       |     1 |     3 |       |       ||     4
       Demon trident     |       |       |       |       |    87 |    12 ||    99
 Fire: Shortbow          |       |       |   176 |  1805 |   126 |       ||  2107
       Longbow           |       |       |       |       |   732 |    78 ||   810
Throw: Throwing net      |       |       |       |       |     5 |     3 ||     8
Invok: Finesse           |       |       |       |     1 |     7 |       ||     8
       Heroism           |       |       |       |       |     3 |       ||     3
Evoke: Wand              |       |       |       |    16 |       |       ||    16
  Use: Scroll            |       |       |     2 |    23 |     5 |     1 ||    31
       Potion            |       |       |       |     4 |     3 |     6 ||    13
 Stab: Invisible         |       |       |       |       |       |     1 ||     1
  Eat: Chunk             |       |       |    19 |    15 |    18 |     2 ||    54
       Ration            |       |       |       |     4 |       |       ||     4
Armor: Scale mail        |    25 |    32 |   191 |    72 |       |       ||   320
       Plate armour      |       |       |       |   197 |   129 |       ||   326
       Skin              |       |       |       |       |     8 |       ||     8
       Troll leather arm |       |       |       |       |    41 |    18 ||    59
Dodge: Dodged            |     5 |    11 |   113 |   127 |    50 |     9 ||   315
Block: Shield            |    15 |    23 |   167 |       |       |       ||   205
       Reflection        |       |       |    11 |       |     1 |       ||    12
       Other             |       |       |     3 |    22 |     9 |       ||    34

Table legend:
 A = Spawn XP
 B = Non-spawn XP
 C = Spawn XP percentage of total XP
 D = Spawn monster count
 E = Non-spawn monster count
 F = Spawn count percentage of total count
 G = Total turns spent on level
                    A         B        C        D         E        F      G
               +---------+---------+-------+---------+---------+-------+---------
         Total |    4640 |  165849 |   2.7 |       6 |     594 |   1.0 | 27643
               +---------+---------+-------+---------+---------+-------+---------
           D:1 |       0 |      13 |   0.0 |       0 |       7 |   0.0 |   720
           D:2 |       0 |      47 |   0.0 |       0 |      17 |   0.0 |   470
           D:3 |       0 |      58 |   0.0 |       0 |      12 |   0.0 |   636
           D:4 |       0 |     855 |   0.0 |       0 |      20 |   0.0 |   934
           D:5 |       0 |     218 |   0.0 |       0 |      12 |   0.0 |   804
           D:6 |       0 |    1128 |   0.0 |       0 |      17 |   0.0 |  1365
           D:7 |       0 |     959 |   0.0 |       0 |      27 |   0.0 |  1001
           D:8 |       0 |    1255 |   0.0 |       0 |      28 |   0.0 |  1790
           D:9 |       0 |    4970 |   0.0 |       0 |      52 |   0.0 |  3148
          D:10 |       0 |    5423 |   0.0 |       0 |      45 |   0.0 |  1214
          D:11 |       0 |    4103 |   0.0 |       0 |      36 |   0.0 |  1727
        Temple |       0 |       2 |   0.0 |       0 |       1 |   0.0 |    48
         Orc:1 |       0 |    1566 |   0.0 |       0 |      22 |   0.0 |   926
         Orc:2 |       0 |   14446 |   0.0 |       0 |      85 |   0.0 |  3864
         Elf:1 |       0 |   26380 |   0.0 |       0 |      41 |   0.0 |  2522
         Elf:2 |       0 |   29747 |   0.0 |       0 |      45 |   0.0 |  1894
         Elf:3 |       0 |   65811 |   0.0 |       0 |      61 |   0.0 |  1786
       Abyss:2 |    2075 |    3046 |  40.5 |       4 |       3 |  57.1 |   211
       Abyss:3 |    2565 |     785 |  76.6 |       2 |       8 |  20.0 |    88
           Lab |       0 |    1200 |   0.0 |       0 |       1 |   0.0 |   683
       Ossuary |       0 |     701 |   0.0 |       0 |      14 |   0.0 |   726
        Bailey |       0 |    3136 |   0.0 |       0 |      40 |   0.0 |  1086
               +---------+---------+-------+---------+---------+-------+---------
